TOP OF THE 1ST |
Helena Grizzlies batting - Pitching for Portsmouth Coasties : RHP David Davis
|
Pitching: RHP David Davis
|
|
Batting: RHB Emílio Ortíz
|
0-0: Ball 1-0: Foul Ball, location: 2F 1-1: Ball 2-1: Ball 3-1: Foul Ball, location: 2F 3-2: Base on Balls
|
Batting: RHB Joe Chase
|
0-0: Grounds into double play, 5-4-3 (Groundball, 5)
|
Batting: LHB Juan Hernández
|
0-0: Ball 1-0: Ball 2-0: Ball 3-0: Base on Balls
|
Batting: RHB Pancho Salaedo
|
0-0: Ball 1-0: Ball 2-0: Ball 3-0: Called Strike 3-1: Swinging Strike 3-2: Fly out, F9 (Flyball, 9S)
|
Top of the 1st over - 0 run(s), 0 hit(s), 0 error(s), 1 left on base; Helena 0 - Portsmouth 0 |
BOTTOM OF THE 1ST |
Portsmouth Coasties batting - Pitching for Helena Grizzlies : RHP Teddy Jones
|
Pitching: RHP Teddy Jones
|
|
Batting: RHB José Villegas
|
0-0: Ball 1-0: Ball 2-0: Ball 3-0: Called Strike 3-1: Base on Balls
|
Batting: LHB José Rodríguez
|
0-0: Ball 1-0: Ball 2-0: Grounds out, U3 (Groundball, 3L)
|
Batting: RHB José Masaferro
|
0-0: Ball 1-0: Foul Ball, location: 2F 1-1: Swinging Strike 1-2: Strikes out looking
|
Batting: RHB Ángel López
|
0-0: Called Strike 0-1: Ball 1-1: Ground out 1-3 (Groundball, 15)
|
Bottom of the 1st over - 0 run(s), 0 hit(s), 0 error(s), 1 left on base; Helena 0 - Portsmouth 0 |
TOP OF THE 2ND |
Helena Grizzlies batting - Pitching for Portsmouth Coasties : RHP David Davis
|
Batting: LHB José Alonso
|
0-0: Ball 1-0: Called Strike 1-1: Fly out, F8 (Flyball, 8LS)
|
Batting: RHB Wilbur James
|
0-0: Ball 1-0: Called Strike 1-1: Swinging Strike 1-2: Foul Ball, location: 2F 1-2: Ground out 6-3 (Groundball, 6M)
|
Batting: RHB David Ramírez
|
0-0: Ball 1-0: Foul Ball, location: 2F 1-1: Ball 2-1: Ball 3-1: SINGLE (Groundball, 5D)
|
Batting: RHB Hank Kenney
|
0-0: Ground out 4-3 (Groundball, 34)
|
Top of the 2nd over - 0 run(s), 1 hit(s), 0 error(s), 1 left on base; Helena 0 - Portsmouth 0 |
BOTTOM OF THE 2ND |
Portsmouth Coasties batting - Pitching for Helena Grizzlies : RHP Teddy Jones
|
Batting: RHB Ángel Ruezga
|
0-0: Ball 1-0: Ball 2-0: Called Strike 2-1: Ground out 4-3 (Groundball, 4)
|
Batting: SHB Jim Bunker
|
0-0: Ball 1-0: Ball 2-0: Called Strike 2-1: Called Strike 2-2: Strikes out swinging
|
Batting: SHB Lou Boone
|
0-0: SINGLE (Flyball, 6MD)
|
Batting: RHB Dave Davis
|
0-0: Ball 1-0: Called Strike 1-1: Swinging Strike 1-2: Strikes out swinging
|
Bottom of the 2nd over - 0 run(s), 1 hit(s), 0 error(s), 1 left on base; Helena 0 - Portsmouth 0 |
TOP OF THE 3RD |
Helena Grizzlies batting - Pitching for Portsmouth Coasties : RHP David Davis
|
Batting: RHB Jack Glenn
|
0-0: Foul Ball, location: 2F 0-1: Ball 1-1: Ball 2-1: Foul Ball, location: 2F 2-2: Strikes out swinging
|
Batting: RHB Emílio Ortíz
|
0-0: Ball 1-0: Called Strike 1-1: Called Strike 1-2: Strikes out swinging
|
Batting: RHB Joe Chase
|
0-0: Ground out 4-3 (Groundball, 4MS)
|
Top of the 3rd over - 0 run(s), 0 hit(s), 0 error(s), 0 left on base; Helena 0 - Portsmouth 0 |
BOTTOM OF THE 3RD |
Portsmouth Coasties batting - Pitching for Helena Grizzlies : RHP Teddy Jones
|
Batting: RHB John Aston
|
0-0: Fly out, F8 (Flyball, 89M)
|
Batting: RHB José Villegas
|
0-0: Called Strike 0-1: Called Strike 0-2: Ball 1-2: Strikes out looking
|
Batting: LHB José Rodríguez
|
0-0: Foul Ball, location: 2F 0-1: Foul Ball, location: 2F 0-2: Ball 1-2: Ball 2-2: Fly out, F8 (Flyball, 8LM)
|
Bottom of the 3rd over - 0 run(s), 0 hit(s), 0 error(s), 0 left on base; Helena 0 - Portsmouth 0 |
TOP OF THE 4TH |
Helena Grizzlies batting - Pitching for Portsmouth Coasties : RHP David Davis
|
Batting: LHB Juan Hernández
|
0-0: Foul Ball, location: 2F 0-1: Swinging Strike 0-2: Ball 1-2: Ball 2-2: Ground out 4-3 (Groundball, 4)
|
Batting: RHB Pancho Salaedo
|
0-0: Called Strike 0-1: Foul Ball, location: 2F 0-2: Foul Ball, location: 2F 0-2: Ball 1-2: Ball 2-2: Fly out, F5 (Popup, 5F)
|
Batting: LHB José Alonso
|
0-0: Ball 1-0: SINGLE (Groundball, 6MD)
|
Batting: RHB Wilbur James
|
0-0: Ball 1-0: Called Strike 1-1: Called Strike 1-2: Strikes out swinging
|
Top of the 4th over - 0 run(s), 1 hit(s), 0 error(s), 1 left on base; Helena 0 - Portsmouth 0 |
BOTTOM OF THE 4TH |
Portsmouth Coasties batting - Pitching for Helena Grizzlies : RHP Teddy Jones
|
Batting: RHB José Masaferro
|
0-0: Called Strike 0-1: Ball 1-1: Ball 2-1: Ball 3-1: Foul Ball, location: 2F 3-2: Foul Ball, location: 2F 3-2: Foul Ball, location: 2F 3-2: DOUBLE (Groundball, 5L)
|
Batting: RHB Ángel López
|
0-0: Called Strike 0-1: Ball 1-1: Ball 2-1: Foul Ball, location: 2F 2-2: Strikes out looking
|
Batting: RHB Ángel Ruezga
|
0-0: Ball 1-0: Called Strike 1-1: Foul Ball, location: 2F 1-2: Foul Ball, location: 2F 1-2: Ball 2-2: Strikes out looking
|
Batting: SHB Jim Bunker
|
Balk! José Masaferro to third 0-0: Ball 1-0: Ball 2-0: Ball 3-0: Base on Balls
|
Batting: SHB Lou Boone
|
0-0: Foul Ball, location: 2F 0-1: Foul Ball, location: 2F 0-2: Ball 1-2: Foul Ball, location: 2F 1-2: Strikes out swinging
|
Bottom of the 4th over - 0 run(s), 1 hit(s), 0 error(s), 2 left on base; Helena 0 - Portsmouth 0 |
TOP OF THE 5TH |
Helena Grizzlies batting - Pitching for Portsmouth Coasties : RHP David Davis
|
Batting: RHB David Ramírez
|
0-0: Ball 1-0: Called Strike 1-1: Ball 2-1: Ball 3-1: Foul Ball, location: 2F 3-2: SINGLE (Groundball, 56D)
|
Batting: RHB Hank Kenney
|
0-0: Called Strike 0-1: Ball 1-1: Sac Bunt - play at first, batter OUT! 1-3 David Ramírez to second
|
Batting: RHB Jack Glenn
|
0-0: Ball 1-0: Ball 2-0: Called Strike 2-1: Ground out 6-3 (Groundball, 6M) David Ramírez to third
|
Batting: RHB Emílio Ortíz
|
0-0: SINGLE (Groundball, 56D) David Ramírez scores
|
Batting: RHB Joe Chase
|
0-0: Swinging Strike 0-1: Ground out 5-3 (Groundball, 56)
|
Top of the 5th over - 1 run(s), 2 hit(s), 0 error(s), 1 left on base; Helena 1 - Portsmouth 0 |
BOTTOM OF THE 5TH |
Portsmouth Coasties batting - Pitching for Helena Grizzlies : RHP Teddy Jones
|
Batting: RHB Dave Davis
|
0-0: Swinging Strike 0-1: Called Strike 0-2: Strikes out looking
|
Batting: RHB John Aston
|
0-0: Ball 1-0: Called Strike 1-1: Called Strike 1-2: Ball 2-2: Ball 3-2: Foul Ball, location: 2F 3-2: Ground out 5-3 (Groundball, 56)
|
Batting: RHB José Villegas
|
0-0: Called Strike 0-1: Foul Ball, location: 2F 0-2: Ball 1-2: Strikes out looking
|
Bottom of the 5th over - 0 run(s), 0 hit(s), 0 error(s), 0 left on base; Helena 1 - Portsmouth 0 |
TOP OF THE 6TH |
Helena Grizzlies batting - Pitching for Portsmouth Coasties : RHP David Davis
|
Batting: LHB Juan Hernández
|
0-0: Ground out 6-3 (Groundball, 6MD)
|
Batting: RHB Pancho Salaedo
|
0-0: Ball 1-0: Ball 2-0: Ball 3-0: Base on Balls
|
Batting: LHB José Alonso
|
0-0: Ball 1-0: SINGLE (Line Drive, 8LS) Pancho Salaedo to second
|
Batting: RHB Wilbur James
|
0-0: Ball 1-0: Ball 2-0: Grounds into double play, 5-4-3 (Groundball, 56)
|
Top of the 6th over - 0 run(s), 1 hit(s), 0 error(s), 1 left on base; Helena 1 - Portsmouth 0 |
BOTTOM OF THE 6TH |
Portsmouth Coasties batting - Pitching for Helena Grizzlies : RHP Teddy Jones
|
Batting: LHB José Rodríguez
|
0-0: SINGLE (Line Drive, 7S)
|
Batting: RHB José Masaferro
|
0-0: Called Strike 0-1: Ball 1-1: Called Strike 1-2: SINGLE (Groundball, 56D) José Rodríguez to second
|
Batting: RHB Ángel López
|
0-0: Called Strike 0-1: Swinging Strike 0-2: Ball 1-2: Ball 2-2: Ball 3-2: Grounds into double play, U4-3 (Groundball, 4) José Rodríguez to third
|
Batting: RHB Ángel Ruezga
|
0-0: Foul Ball, location: 2F 0-1: Swinging Strike 0-2: Foul Ball, location: 2F 0-2: Ball 1-2: Strikes out swinging
|
Bottom of the 6th over - 0 run(s), 2 hit(s), 0 error(s), 1 left on base; Helena 1 - Portsmouth 0 |
TOP OF THE 7TH |
Helena Grizzlies batting - Pitching for Portsmouth Coasties : RHP David Davis
|
Batting: RHB David Ramírez
|
0-0: Ball 1-0: Called Strike 1-1: Called Strike 1-2: Ball 2-2: Ball 3-2: Ground out 4-3 (Groundball, 4)
|
Batting: RHB Hank Kenney
|
0-0: Ball 1-0: Ball 2-0: Ball 3-0: Called Strike 3-1: Base on Balls
|
Pinch Hitting: LHB Rufo Flores
|
0-0: Ball Hank Kenney is caught stealing 2nd base 1-0: Ball 2-0: SINGLE (Flyball, 6MD)
|
Pinch Hitting: LHB Ismael Dolit
|
0-0: Foul Ball, location: 2F 0-1: Ball 1-1: Ball 2-1: Ball 3-1: Fly out, F7 (Line Drive, 7M)
|
Top of the 7th over - 0 run(s), 1 hit(s), 0 error(s), 1 left on base; Helena 1 - Portsmouth 0 |
BOTTOM OF THE 7TH |
Portsmouth Coasties batting - Pitching for Helena Grizzlies : RHP Teddy Jones
|
Now at 1B: Ismael Dolit
|
|
Now in LF: Rufo Flores
|
|
Batting: SHB Jim Bunker
|
0-0: Foul Ball, location: 2F 0-1: Fly out, F8 (Flyball, 8RM)
|
Batting: SHB Lou Boone
|
0-0: Called Strike 0-1: Ball 1-1: Ball 2-1: SINGLE (Line Drive, 8LS)
|
Pinch Hitting: LHB Travis Alexander
|
0-0: Ball 1-0: Swinging Strike 1-1: Grounds into double play, U4-3 (Groundball, 4)
|
Bottom of the 7th over - 0 run(s), 1 hit(s), 0 error(s), 0 left on base; Helena 1 - Portsmouth 0 |
TOP OF THE 8TH |
Helena Grizzlies batting - Pitching for Portsmouth Coasties : RHP David Davis
|
Now in CF: Jim Unknown
|
|
Batting: RHB Joe Chase
|
0-0: Ball 1-0: Foul Ball, location: 2F 1-1: Called Strike 1-2: Ball 2-2: Foul Ball, location: 2F 2-2: Foul Ball, location: 2F 2-2: SOLO HOME RUN (Flyball, 78XD), Distance : 408 ft
|
Pitching: LHP Ramón González
|
|
Batting: LHB Juan Hernández
|
0-0: Called Strike 0-1: Ball 1-1: Ball 2-1: Foul Ball, location: 2F 2-2: Ground out U3 (Groundball, 3S)
|
Batting: RHB Pancho Salaedo
|
0-0: Ball 1-0: SINGLE (Groundball, 34)
|
Pitching: RHP Alfredo Martínez
|
|
Batting: LHB José Alonso
|
0-0: Foul Ball, location: 2F 0-1: Called Strike 0-2: Ball 1-2: Ball 2-2: Foul Ball, location: 2F 2-2: Ball 3-2: Strikes out swinging
|
Batting: RHB Wilbur James
|
0-0: Called Strike 0-1: Swinging Strike 0-2: Ball 1-2: Ball 2-2: Ball 3-2: Strikes out swinging
|
Top of the 8th over - 1 run(s), 2 hit(s), 0 error(s), 1 left on base; Helena 2 - Portsmouth 0 |
BOTTOM OF THE 8TH |
Portsmouth Coasties batting - Pitching for Helena Grizzlies : RHP Teddy Jones
|
Pitching: LHP Alonso García
|
|
Now at 3B: Enrico Díaz
|
|
Batting: RHB John Aston
|
0-0: Ball 1-0: Ball 2-0: Swinging Strike 2-1: Fly out, F8 (Flyball, 89S)
|
Batting: RHB José Villegas
|
0-0: Ball 1-0: SINGLE (Line Drive, 6D)
|
Pitching: LHP Eugene Baker
|
|
Batting: LHB José Rodríguez
|
0-0: Foul Ball, location: 2F 0-1: Ball 1-1: Foul Ball, location: 2F 1-2: Ball 2-2: Fly out, F7 (Line Drive, 7LM)
|
Pitching: RHP Lou Armstrong
|
|
Batting: RHB José Masaferro
|
0-0: Fly out, F4 (Popup, 3DF)
|
Bottom of the 8th over - 0 run(s), 1 hit(s), 0 error(s), 1 left on base; Helena 2 - Portsmouth 0 |
TOP OF THE 9TH |
Helena Grizzlies batting - Pitching for Portsmouth Coasties : RHP Alfredo Martínez
|
Pitching: RHP Xavier Andrade
|
|
Batting: RHB Enrico Díaz
|
0-0: Ball 1-0: Swinging Strike 1-1: Fly out, F8 (Line Drive, 8LM)
|
Batting: RHB Hank Kenney
|
0-0: Ball 1-0: Ball 2-0: Called Strike 2-1: Ball 3-1: Called Strike 3-2: SINGLE (Flyball, 78S)
|
Batting: LHB Rufo Flores
|
0-0: SINGLE (Groundball, 34D) Hank Kenney to second Runner from 2nd tries for 3rd, SAFE, no throw or cutoff
|
Batting: LHB Ismael Dolit
|
0-0: Called Strike 0-1: Ground out U3 (Groundball, 3S) Hank Kenney scores Rufo Flores to second
|
Batting: RHB Joe Chase
|
0-0: Ball 1-0: Ball 2-0: Ball 3-0: Base on Balls
|
Batting: LHB Juan Hernández
|
0-0: Called Strike 0-1: Ball 1-1: Foul Ball, location: 2F 1-2: Hit by Pitch Rufo Flores to third Joe Chase to second
|
Batting: RHB Pancho Salaedo
|
0-0: Hit by Pitch Rufo Flores scores Joe Chase to third Juan Hernández to second
|
Pitching: LHP Salvador Medina
|
|
Batting: LHB José Alonso
|
0-0: Ball 1-0: Ball 2-0: Ball 3-0: Base on Balls Joe Chase scores Juan Hernández to third Pancho Salaedo to second
|
Batting: RHB Wilbur James
|
0-0: Foul Ball, location: 2F 0-1: Foul Ball, location: 2F 0-2: Ball 1-2: Strikes out swinging
|
Top of the 9th over - 3 run(s), 2 hit(s), 0 error(s), 3 left on base; Helena 5 - Portsmouth 0 |
BOTTOM OF THE 9TH |
Portsmouth Coasties batting - Pitching for Helena Grizzlies : RHP Lou Armstrong
|
Batting: RHB Ángel López
|
0-0: Fly out, F9 (Flyball, 9S)
|
Batting: RHB Ángel Ruezga
|
0-0: Called Strike 0-1: Fly out, F9 (Flyball, 9M)
|
Batting: SHB Jim Bunker
|
0-0: Called Strike 0-1: Ball 1-1: Swinging Strike 1-2: Ground out 4-3 (Groundball, 4)
|
Bottom of the 9th over - 0 run(s), 0 hit(s), 0 error(s), 0 left on base; Helena 5 - Portsmouth 0 |
|